 Dungeon Crawl Stone Soup version 0.16-a0-4123-g49b462e (webtiles) character file.

1577 Chiseanne the Blocker (level 9, 0/65 (69) HPs)
             Began as a Formicid Fighter on Mar 2, 2015.
             Was an Initiate of Gozag.
             Slain by a goliath beetle (24 damage)
             ... on level 6 of the Dungeon.
             The game lasted 00:18:13 (5566 turns).

Chiseanne the Blocker (Formicid Fighter)            Turns: 5566, Time: 00:18:13

HP:   0/65 (69)     AC:  8    Str: 21    XL:     9   Next: 14%
MP:   12/12         EV: 10    Int: 10    God:    Gozag
Gold: 608           SH: 12    Dex: 11    Spells: 0 memorised, 8 levels left

rFire  . . .     SeeInvis +     s - +2 hand axe (elec)
rCold  . . .     Clarity  .     b - +0 scale mail
rNeg   . . .     SustAb   .     c - +1 shield
rPois  .         Gourm    .     (helmet unavailable)
rElec  .         Spirit   .     (no cloak)
rCorr  .         Warding  .     (no gloves)
rMut   .         Stasis   +     (no boots)
MR     +....                    m - amulet of faith
Stlth  ..........               (no ring)
                                j - ring of protection from magic

@: somewhat resistant to hostile enchantments, extremely unstealthy
A: permanent stasis, dig shafts and tunnels, four strong arms, antennae 3
a: Dig, Shaft Self, Potion Petition, Call Merchant, Bribe Branch, Renounce
Religion


You were on level 6 of the Dungeon.
You worshipped Gozag.
Gozag was noncommittal.
You were not hungry.

You visited 2 branches of the dungeon, and saw 7 of its levels.
You also visited: Sewer.

You collected 728 gold pieces.
You paid 120 gold pieces to Gozag.

Inventory:

Hand weapons
 a - a +2 war axe
 s - a +2 hand axe of electrocution (weapon)
 w - a +0 blowgun
 y - a +0 war axe of draining
Missiles
 f - 47 sling bullets
 h - 3 needles of paralysis
 n - 4 needles of slowing
 p - 2 needles of frenzy
 t - 5 javelins
 u - 4 tomahawks (quivered)
 v - 8 needles of sleeping
 B - 12 poisoned needles
 D - 22 bolts
 F - 15 sling bullets of flame
Armour
 b - a +0 scale mail (worn)
 c - a +1 shield (worn)
Jewellery
 j - a ring of protection from magic (left hand)
 m - an amulet of faith (around neck)
 z - a cursed ring of fire
Scrolls
 r - a scroll of enchant armour
 C - a scroll of remove curse
Potions
 e - 2 potions of flight {unknown}
 g - a potion of beneficial mutation {unknown}
 i - 3 potions of restore abilities
 k - a potion of ambrosia {unknown}
 o - 4 potions of magic {unknown}
 q - 5 potions of curing {unknown}
 x - 2 potions of heal wounds
 A - 3 potions of haste {unknown}
 E - 2 potions of poison {unknown}
Comestibles
 d - 4 fruits
 l - 3 meat rations


   Skills:
 * Level 6.0 Fighting
 - Level 2.0 Axes
 * Level 7.8 Armour
 - Level 1.1 Dodging
 * Level 9.3 Shields


You had 8 spell levels left.
You didn't know any spells.

Dungeon Overview and Level Annotations

Branches:
Dungeon (6/15)             Temple (1/1) D:4

Altars:
Ashenzari
Cheibriados
Dithmenos
Fedhas
Gozag
Makhleb
Nemelex Xobeh
Qazlal
Ru
Trog
Vehumet
Xom


Innate Abilities, Weirdness & Mutations

You are under a permanent stasis effect.
You can dig through walls and to a lower floor.
Your four strong arms can wield two-handed weapons with a shield.
You have a pair of large antennae on your head (SInv).


Message History

You hit the goliath beetle but do no damage.
The goliath beetle is moderately wounded.
The crimson imp blinks!
The goliath beetle bites you!!
You hit the goliath beetle but do no damage.
The goliath beetle is moderately wounded.
You barely miss the crimson imp. You block the crimson imp's attack.
The goliath beetle bites you.
You slash the crimson imp!
The crimson imp is almost dead.
You hit the goliath beetle but do no damage.
There is a sudden explosion of sparks!
The goliath beetle is severely wounded.
The crimson imp barely misses you.
You barely miss the crimson imp.
The crimson imp is severely wounded.
You hit the goliath beetle but do no damage.
The goliath beetle is severely wounded.
You block the crimson imp's attack. The goliath beetle bites you!!
You die...
Your body crumbles into a pile of gold.

.....#.......#.......#....
#......##......##......#
##....####....####....##
#.##### ##'### ####'# ..
#####.# #.## . #.....#
#..# #.....# ##.#
###5##### ###.# #..@#
##F#.# #.$B# #(|#.#
#..##.# .....(##.# #.. #.#
{ ⌠..⌠[ #.# ..# ..# { ....
#.# .. ..+ .. #.# #.# #.#
#.# #.# ..# $ #.#


You could see a goliath beetle and a crimson imp.

Vanquished Creatures
  The ghost of WhatIsLove the Magician, an experienced GrEE (D:5)
  Grinder (D:5)
  Menkaure (D:5)
  A necrophage (D:6)
  A centaur (D:5)
  A big kobold (Sewer)
  2 giant frogs (D:6)
  A scorpion (D:6)
  A goliath beetle (D:6)
  2 crimson imps (D:5)
  A giant frog zombie (D:3)
  A giant frog skeleton (D:6)
  A hound (D:5)
  2 orc wizards
  A centaur skeleton (D:6)
  3 worker ants
  A hound skeleton (D:5)
  7 adders
  4 gnolls
  A worker ant zombie (D:6)
  A river rat (D:6)
  A giant mite (D:1)
  3 worms (Sewer)
  2 adder skeletons
  4 oozes
  10 orcs
  3 ball pythons
  6 bats
  A bat skeleton (D:5)
  A bat zombie (D:5)
  4 giant cockroaches
  14 hobgoblins
  2 quokkas
  4 giant geckos
  A giant gecko zombie (D:5)
  5 giant newts
  9 goblins
  16 jackals
  19 kobolds
  A quokka skeleton (D:6)
  A quokka zombie (D:5)
  20 rats
  A butterfly (D:4)
163 creatures vanquished.

Notes
Turn   | Place    | Note
--------------------------------------------------------------
     0 | D:1      | Chiseanne, the Formicid Fighter, began the quest for the Orb.
     0 | D:1      | Reached XP level 1. HP: 18/18 MP: 1/1
   161 | D:1      | Reached XP level 2. HP: 22/24 MP: 3/3
   239 | D:1      | Reached skill level 4 in Shields
   302 | D:1      | Reached XP level 3. HP: 29/29 MP: 4/4
  1375 | D:2      | Reached XP level 4. HP: 37/37 MP: 5/5
  1600 | D:3      | Reached skill level 1 in Dodging
  1951 | D:3      | Reached XP level 5. HP: 40/42 MP: 7/7
  2590 | D:4      | Reached skill level 5 in Shields
  2592 | D:4      | Reached skill level 5 in Armour
  2592 | D:4      | Reached XP level 6. HP: 34/48 MP: 8/8
  2779 | D:4      | Found a staircase to the Ecumenical Temple.
  2852 | Temple   | Entered the Ecumenical Temple
  2898 | Temple   | Became a worshipper of Gozag Ym Sagoz the Greedy
  3191 | D:5      | Entered Level 5 of the Dungeon
  3381 | D:5      | Reached skill level 6 in Shields
  3447 | D:5      | Noticed Grinder
  3482 | D:5      | Killed Grinder
  3482 | D:5      | Reached skill level 7 in Shields
  3482 | D:5      | Reached XP level 7. HP: 28/55 MP: 9/9
  3733 | D:5      | Found a shimmering altar of Xom.
  3772 | D:5      | Noticed WhatIsLove's ghost (experienced GrEE)
  3813 | D:5      | Killed WhatIsLove's ghost
  3813 | D:5      | Reached skill level 5 in Fighting
  3813 | D:5      | Reached XP level 8. HP: 36/62 MP: 11/11
  4008 | D:5      | Noticed Menkaure
  4013 | D:5      | Killed Menkaure
  4013 | D:5      | Reached skill level 8 in Shields
  4761 | D:6      | Found a glowing drain.
  4791 | Sewer    | Entered a sewer
  5373 | Sewer    | Reached skill level 9 in Shields
  5373 | Sewer    | Reached XP level 9. HP: 65/65 MP: 12/12
  5566 | D:6      | Slain by a goliath beetle

Action                   |  1- 3 |  4- 6 |  7- 9 || total
-------------------------+-------+-------+-------++-------
Melee: War axe           |   126 |    64 |       ||   190
       Hand axe          |       |    83 |   243 ||   326
Throw: Tomahawk          |       |     5 |       ||     5
 Abil: Dig               |       |       |     2 ||     2
Evoke: Wand              |       |     2 |       ||     2
  Use: Scroll            |     6 |     7 |     2 ||    15
       Potion            |       |     1 |       ||     1
  Eat: Chunk             |     2 |     4 |       ||     6
       Royal jelly       |       |     1 |       ||     1
       Beef jerky        |       |     1 |       ||     1
       Bread ration      |       |       |     2 ||     2
